 Dungeon Crawl Stone Soup version 0.25-b1-46-gb8a1ec05df (webtiles) character file.

Game seed: 9952289144507510717

1261 Nixze the Archer (level 8, 0/66 HPs)
             Began as a Centaur Arcane Marksman on June 10, 2020.
             Was an Initiate of Okawaru.
             Slain by Maggie
             ... wielding a +2 broad axe of draining
              (1 damage)
             ... on level 7 of the Dungeon.
             The game lasted 00:17:52 (10970 turns).

Nixze the Archer (Centaur Arcane Marksman)         Turns: 10970, Time: 00:17:52

Health: 0/66       AC: 10    Str: 14    XL:     8   Next: 27%
Magic:  13/13      EV:  8    Int: 12    God:    Okawaru [......]
Gold:   312        SH:  5    Dex: 13    Spells: 11/12 levels left

rFire    . . .     SeeInvis .   b - +0 falchion
rCold    . . .     Gourm    .   (no shield)
rNeg     + . .     Faith    .   A - +0 ring mail
rPois    +         Spirit   .   B - +0 helmet
rElec    .         Reflect  +   t - +1 cloak
rCorr    .         Harm     .   (no gloves)
MR       .....                  (no barding)
Stlth    ..........             r - amulet of reflection
HPRegen  0.21/turn              y - ring of positive energy
MPRegen  0.13/turn              q - ring of poison resistance

@: heavily drained, very quick
A: large, hooves 3, icy blue scales 1, agile 1, deformed body, speed 2, high mp
1, tough skin 3
a: Renounce Religion


You were on level 7 of the Dungeon.
You worshipped Okawaru.
Okawaru was noncommittal.
You were very hungry.

You visited 2 branches of the dungeon, and saw 8 of its levels.

You collected 312 gold pieces.

Inventory:

Hand Weapons
 a - a +1 shortbow
 b - a +0 falchion (weapon)
 H - the +1 glaive of Gozag's Supremacy {drain, +Rage rElec rC+}
   (You found it on level 7 of the Dungeon)

   A truly terrible weapon, it drains the life of those it strikes.
   It protects you from cold.
   It insulates you from electricity.
   It lets you go berserk.
Missiles
 d - 154 arrows
 g - 161 stones (quivered)
 s - 9 boomerangs
Armour
 t - a +1 cloak (worn)
 A - a +0 ring mail (worn)
 B - a +0 helmet (worn)
Jewellery
 o - an uncursed ring of resist corrosion
 q - a ring of poison resistance (right hand)
 r - an amulet of reflection (around neck)
 u - an uncursed ring of stealth
 y - a ring of positive energy (left hand)
 E - a +6 ring of intelligence {unknown}
Wands
 l - a wand of digging (8)
Scrolls
 i - a scroll of fog
 n - 4 scrolls of identify
 p - 2 scrolls of remove curse
 v - 2 scrolls of teleportation
 C - 2 scrolls of amnesia
 F - a scroll of noise {unknown}
Potions
 c - a potion of heal wounds {unknown}
 e - a potion of magic {unknown}
 h - a potion of lignification
 j - a potion of brilliance
 k - a potion of cancellation {unknown}
 m - a potion of curing
 z - a potion of degeneration {unknown}
 D - a potion of ambrosia {unknown}
Comestibles
 f - 12 rations


   Skills:
 + Level 3.6(1.9) Fighting
 * Level 10.1(8.1) Bows
 - Level 1.3(0.0) Dodging
   Level 0.2(0.0) Shields
 + Level 2.9(1.2) Spellcasting
 + Level 4.3(2.5) Hexes


You had 11 spell levels left.
You knew the following spells:

 Your Spells              Type           Power        Failure   Level  Hunger
a - Corona                Hex            #......      22%         1    ##.....

Your spell library contained the following spells:

 Spells                   Type           Power        Failure   Level  Hunger
 Slow                     Hex            #.......     32%         2    ###....
 Animate Skeleton         Necr           N/A          52%         1    ##.....
 Pain                     Necr           #...         52%         1    ##.....
 Inner Flame              Hex/Fire       #.......     71%         3    ####...
 Portal Projectile        Hex/Tloc       #.....       71%         3    ####...
 Vampiric Draining        Necr           #.........   88%         3    ####...
 Cause Fear               Hex            #.........   91%         4    #####..
 Leda's Liquefaction      Hex/Erth       #.........   98%         4    #####..
 Animate Dead             Necr           N/A          99%         4    #####..
 Agony                    Necr           #.......     100%        5    ######.


Dungeon Overview and Level Annotations

Branches:
Dungeon (7/15)             Temple (1/1) D:6

Altars:
Ashenzari
Cheibriados
Dithmenos
Elyvilon
Fedhas
Gozag
Hepliaklqana
Kikubaaqudgha
Makhleb
Nemelex Xobeh
Okawaru
Qazlal
Ru
Sif Muna
Trog
Uskayaw
Vehumet
Wu Jian
Xom
Yredelemnul
Zin
The Shining One

Annotations:
D:3 2 runed translucent doors, releu's ghost, amateur TrWr
D:7 Maggie


Innate Abilities, Weirdness & Mutations

You have hooves in place of feet.
Armour fits poorly on your strangely shaped body.
You cover ground very quickly.
You have extremely tough skin. (AC +3)
You are partially covered in icy blue scales. (AC +2)
You are agile. (Dex +2)
You have an increased reservoir of magic. (+10% MP)


Message History

You break out of your daze.
Maggie casts a spell.
Maggie attempts to bespell you! You resist.
You barely miss Maggie. Your kick misses Maggie.
Maggie is lightly wounded.
Maggie hits you but does no damage. You partially resist.
You feel drained.
You hit Maggie but do no damage.
Maggie is lightly wounded.
You block Maggie's attack.
You barely miss Maggie. Your kick misses Maggie.
Maggie is lightly wounded.
Maggie hits you with a +2 broad axe of draining.
* * * LOW HITPOINT WARNING * * *
You partially resist.
You feel drained.
You closely miss Maggie. You kick Maggie, but do no damage.
Maggie is lightly wounded.
Maggie hits you with a +2 broad axe of draining!
* * * LOW HITPOINT WARNING * * *
You partially resist.
You feel drained.
You die...

#.#.##.####.### #.##.# #.#
##.#)##........# #.##.##
##<# ##..#.#######.#.#
#.#...# ##.#.
#.#..#........#.#
#.#...####.###
......#...##....#
#.....).###.#.
#..#.........#..# #.....^.#
#..#
##...##...##....####.......#
#.##
#.#####.####.............##
#.# #.# #.......@@.####....#
#.# ##.# #.######.#.#
####.####.# ...# #(#
#.#.#####.<......# #### #(#
#.#.........###### #### #(#
#.#######.### ...# #.# #.#
#.# ##.## #.# #.# #.# #..##
#.# #.# ###.# ##.#.###(# #.#
#...#


You could see Maggie.

Vanquished Creatures
  Menkaure (D:5)
  A sky beast (D:6)
  A phantom (D:5)
  4 centaurs
  A bullfrog (D:6)
  A scorpion (D:5)
  2 crimson imps
  2 hounds
  2 orc wizards
  A bullfrog skeleton (D:4)
  An iguana (D:5)
  3 worker ants
  A worker ant zombie (D:6)
  10 adders
  An ooze (D:1)
  5 worms
  2 dart slugs
  2 leopard geckos
  11 orcs
  8 bats
  5 giant cockroaches
  9 goblins
  6 hobgoblins (D:2)
  3 jackals (D:6)
  6 kobolds
  5 quokkas
  3 frilled lizards
  A leopard gecko skeleton (D:4)
  A quokka zombie (D:7)
  7 rats
106 creatures vanquished.

Notes
Turn   | Place    | Note
-------+----------+-------------------------------------------
     0 | D:1      | Nixze the Centaur Arcane Marksman began the quest for the
                  | Orb.
     0 | D:1      | Reached XP level 1. HP: 16/16 MP: 2/2
    62 | D:1      | Reached skill level 3 in Bows
   518 | D:1      | Reached XP level 2. HP: 23/23 MP: 3/3
   563 | D:1      | Reached skill level 4 in Bows
   609 | D:1      | You fall into a shaft and drop 1 floor!
  1075 | D:2      | Reached XP level 3. HP: 28/28 MP: 4/4
  1114 | D:2      | Reached skill level 5 in Bows
  2554 | D:2      | Reached XP level 4. HP: 20/35 MP: 5/5
  2899 | D:2      | Reached skill level 6 in Bows
  4424 | D:3      | Found a large runed translucent door.
  4424 | D:3      | Found a large runed translucent door.
  4479 | D:3      | Noticed releu's ghost (amateur TrWr)
  4656 | D:3      | Reached XP level 5. HP: 32/40 MP: 6/6
  5123 | D:4      | Reached skill level 7 in Bows
  5992 | D:4      | Found a snail-covered altar of Cheibriados.
  6562 | D:5      | Entered Level 5 of the Dungeon
  6576 | D:5      | Reached XP level 6. HP: 12/47 MP: 7/7
  7096 | D:5      | Reached skill level 8 in Bows
  7704 | D:5      | Reached XP level 7. HP: 22/55 MP: 9/9
  8063 | D:5      | Found a radiant altar of Vehumet.
  8350 | D:5      | Found a stormy altar of Qazlal.
  8427 | D:5      | Noticed Menkaure
  8446 | D:5      | Reached skill level 9 in Bows
  8469 | D:5      | Killed Menkaure
  9042 | D:6      | Reached XP level 8. HP: 63/63 MP: 11/11
  9104 | D:6      | Found a staircase to the Ecumenical Temple.
  9113 | Temple   | Entered the Ecumenical Temple
  9292 | Temple   | Became a worshipper of Warmaster Okawaru
  9683 | D:7      | Got a brightly glowing glaive
  9684 | D:7      | Identified the cursed +1 glaive of Gozag's Supremacy
                  | {drain, +Rage rElec rC+} (You found it on level 7 of the
                  | Dungeon)
 10055 | D:7      | Noticed Maggie
 10240 | D:7      | Reached skill level 10 in Bows
 10664 | D:7      | Gained mutation: You are partially covered in icy blue
                  | scales. (AC +2) [potion of mutation]
 10664 | D:7      | Gained mutation: You have an increased reservoir of magic.
                  | (+10% MP) [potion of mutation]
 10664 | D:7      | Gained mutation: You are agile. (Dex +2) [potion of
                  | mutation]
 10970 | D:7      | HP: 1/66 [Maggie/+2 broad axe of draining (12)]
 10970 | D:7      | Slain by Maggie

Illustrated notes

Levels and vault maps discovered:
D:1:      minmay_arrival_doors, layout_basic
D:2:      layout_rooms, first_ration, grunt_ministairs_15
D:3:      layout_loops_ring, ebering_ghost_disaster_area
D:4:      layout_rooms, kennysheep_slug_shrine
D:5:      layout_loops_cross, kennysheep_mini, basic_altar, uniq_menkaure
D:6:      layout_rooms, minmay_temple_entry_gardened_gates
D:7:      kennysheep_windowed_halls, layout_loops_ring, uniq_maggie,
          uniq_prince_ribbit1
Temple:   minmay_crystal_snake_temple

Skill      XL: |  1  2  3  4  5  6  7  8 |
---------------+-------------------------+-----
Bows           | 3 4 5 6 7 8 9 10 | 10.1
Hexes          | 3 4 |  4.3
Fighting       | 2 3 |  3.6
Spellcasting   | 2 |  2.9
Dodging        | |  1.3
Shields        | |  0.2

Action                   |  1- 3 |  4- 6 |  7- 9 || total
-------------------------+-------+-------+-------++-------
Melee: Unarmed           |    32 |       |       ||    32
       Club              |    29 |       |       ||    29
       Kick              |    19 |    31 |    30 ||    80
       Hand axe          |    56 |   191 |       ||   247
       Falchion          |       |    50 |   102 ||   152
       Glaive            |       |       |    17 ||    17
 Fire: Shortbow          |    14 |    62 |    45 ||   121
Throw: Stone             |    23 |     9 |       ||    32
 Cast: Corona            |       |       |     3 ||     3
  Use: Scroll            |       |     6 |     6 ||    12
       Potion            |       |     4 |     4 ||     8
  Eat: Chunk             |     4 |    11 |     5 ||    20
       Ration            |       |     1 |     1 ||     2
Armor: Robe              |    71 |    75 |       ||   146
       Skin              |       |    34 |       ||    34
       Ring mail         |       |     1 |    46 ||    47
Dodge: Dodged            |    73 |   109 |    50 ||   232
Block: Other             |       |    48 |    31 ||    79
       Buckler           |       |     5 |       ||     5
       Reflection        |       |       |     2 ||     2
       Rpst.: Falchion   |       |     7 |    15 ||    22
